 Dungeon Crawl Stone Soup version 0.31-a0-631-g285b096dc4 (webtiles) character file.

Game seed: 2883710617367750104

1881 Arcadio the Ducker (level 9, -6/58 (59) HPs)
             Began as an Octopode Necromancer on Aug 26, 2023.
             Was an Initiate of Lugonu.
             Mangled by Joseph
             ... wielding a +0 quarterstaff
              (14 damage)
             ... on level 7 of the Dungeon.
             The game lasted 00:25:36 (8021 turns).

Arcadio the Ducker (Octopode Necromancer)           Turns: 8021, Time: 00:25:37

HP:   -6/58 (59)    AC:  1    Str:  8      XL:     9   Next: 14%
MP:   6/15          EV: 15    Int: 18 (27) God:    Lugonu [......]
Gold: 327           SH:  0    Dex: 12      Spells: 3/16 levels left

rFire   . . .        a - +0 dagger
rCold   + . .        (no shield)
rNeg    . . .        (helmet restricted)
rPois   .            (no amulet)
rElec   .            I - ring of protection from cold
rCorr   .            J - +6 ring of intelligence
SInv    .            (no ring)
Will    .....        (no ring)
Stlth   +++          (no ring)
HPRegen 0.29/turn    (no ring)
MPRegen 0.14/turn    (no ring)
                     (no ring)

%: no passive effects
@: mighty, very slightly contaminated, lightly drained
A: almost no armour, amphibious, 8 rings, camouflage 1, gelatinous body 1,
(nimble swimmer 1), tentacles
a: Renounce Religion


You were on level 7 of the Dungeon.
You worshipped Lugonu.
Lugonu was noncommittal.
You visited 2 branches of the dungeon, and saw 8 of its levels.

You collected 327 gold pieces.

Inventory:

Hand Weapons
 a - a +0 dagger (weapon)
 b - a +0 orcbow
 y - a +3 spear
 H - a +0 halberd of pain
Missiles
 c - 28 poisoned darts (quivered)
 g - a throwing net
 F - 5 darts of dispersal
Magical Staves
 K - a staff of poison
Jewellery
 I - a ring of protection from cold (left tentacle)
 J - a +6 ring of intelligence (right tentacle)
Wands
 u - a wand of paralysis (3)
 w - a wand of iceblast (4)
 G - a wand of flame (16)
Scrolls
 e - a scroll of vulnerability {unknown}
 i - 2 scrolls of teleportation
 k - 2 scrolls of noise {unknown}
 l - a scroll of brand weapon {unknown}
 n - a scroll of amnesia {unknown}
 p - a scroll of blinking {unknown}
 s - 2 scrolls of torment
 t - a scroll of acquirement {unknown}
 v - 3 scrolls of enchant weapon
 A - 2 scrolls of poison {unknown}
 C - a scroll of fear {unknown}
 D - 2 scrolls of revelation {unknown}
Potions
 d - a potion of magic
 f - 2 potions of ambrosia {unknown}
 h - a potion of resistance {unknown}
 j - 2 potions of cancellation {unknown}
 m - a potion of haste
 q - a potion of curing {unknown}
 x - 2 potions of lignification {unknown}
 z - a potion of berserk rage {unknown}
 B - a potion of mutation {unknown}
 E - a potion of degeneration {unknown}
 L - 2 potions of attraction {unknown}


   Skills:
 + Level 4.7 Fighting
 + Level 7.0 Dodging
 - Level 2.6 Stealth
 - Level 4.4 Spellcasting
 - Level 6.0 Necromancy
 + Level 5.1 Invocations


You had 3 spell levels left.
You knew the following spells:

 Your Spells              Type           Power      Damage    Failure   Level
a - Necrotise             Necr           100%       1d9       1%          1
b - Vampiric Draining     Necr           25%        2d7       3%          3
c - Animate Dead          Necr           25%        N/A       12%         4
d - Agony                 Necr           25%        N/A       32%         5

Your spell library contained the following spells:

 Spells                   Type           Power      Damage    Failure   Level
 Sting                    Tmut/Pois      12%        1d3       14%         1
 Poisonous Vapours        Pois/Air       6%         N/A       22%         2
 Ignite Poison            Fire/Tmut/Pois 3%         N/A       38%         3
 Tukima's Dance           Hex            3%         N/A       38%         3
 Olgreb's Toxic Radiance  Pois           3%         N/A       80%         4
 Passage of Golubria      Tloc           3%         N/A       80%         4
 Sticky Flame             Conj/Fire      3%         2d3       80%         4
 Yara's Violent Unravell  Hex/Tmut       1%         3d3       98%         5
 Ignition                 Fire           1%         3d3       100%        8


Dungeon Overview and Level Annotations

Branches:
Dungeon (7/15) Zot: 26443  Temple (1/1) D:5 Zot: 5959

Altars:
Ashenzari
Cheibriados
Fedhas
Gozag
Hepliaklqana
Kikubaaqudgha
Okawaru
Qazlal
Ru
Sif Muna
Trog
Uskayaw
Vehumet
Wu Jian
Xom
Zin
The Shining One
Lugonu

Shops:
D:2 (   D:7 [

Annotations:
D:4 1 runed translucent door, Crazy Yiuf
D:6 exclusions: skeletal warrior and wight, Menkaure
D:7 Jeremiah, Joseph, Pikel


Innate Abilities, Weirdness & Mutations

You cannot wear most types of armour.
You are amphibious.
You can wear up to eight rings at the same time.
Your skin changes colour to match your surroundings (Stealth+).
Your rubbery body absorbs attacks. (AC +1, EV +1)
((You are camouflaged when in or above water. (Stealth+)))
You have tentacles for arms and can constrict up to eight enemies at once.


Message History

You puncture Joseph!
Joseph is heavily wounded.
You constrict Joseph.
Joseph is no longer paralysed.
A lemure comes into view.
The iguana bites you!
Joseph unwields a +0 sling.
Joseph wields a +0 quarterstaff.
Joseph completely misses you.
Pikel shouts!
The lemure shouts!
The jelly quivers.
You puncture Joseph! You squeeze Joseph!
Joseph is severely wounded.
You constrict Joseph.
You hear a shout! x2
The iguana barely misses you.
A lemure comes into view.
Joseph hits you with a +0 quarterstaff!
Casting: Vampiric Draining (dangerous; 3% risk of failure)
Confirm with . or Enter, or press ? or * to list all spells.
Aiming: Vampiric Draining (dangerous; 3% risk of failure)
Press: ? - help, Shift-Dir - straight line, f/p - Joseph
Aim: Joseph, wielding a +0 quarterstaff and wearing a +0 leather armour (almost dead, constricted by you)
You draw life force from Joseph.
You feel life coursing into your body.
You constrict Joseph.
The iguana bites you but does no damage.
Pikel says, "You'll make a fine lemure."
Joseph hits you with a +0 quarterstaff.
Casting: Vampiric Draining (dangerous; 3% risk of failure)
Confirm with . or Enter, or press ? or * to list all spells.
Aiming: Vampiric Draining (dangerous; 3% risk of failure)
Press: ? - help, Shift-Dir - straight line, f/p - Joseph
Aim: Joseph, wielding a +0 quarterstaff and wearing a +0 leather armour (almost dead, constricted by you)
You feel a surge of divine spite.
You miscast Vampiric Draining.
You are very lightly contaminated with residual magic.
You feel very uncomfortable.
You feel drained.
You constrict Joseph.
A lemure comes into view.
The iguana bites you!
* * * LOW HITPOINT WARNING * * *
Joseph says, "You must be punished!
Or...
I want to punish you!" Joseph hits you with a +0 quarterstaff!
You die...

### #.# #.### ###
#...## ..# #[...#
#.# #..<.#
#.######### #....#
........... #@...#
#.#.###..# #@l..#
#.#)# #h...+ ..#.#
.J...# ###.#
##K5...# ....#
.#..5..#. ....#
.#...#####
...#########..5...
.###..............


You could see Joseph, Pikel, a black bear, 3 lemures, an iguana and a jelly.

Vanquished Creatures
  Sigmund (D:2)
  An orc warrior (D:6)
  3 ice beasts
  A black bear (D:4)
  2 ogres
  A centaur (D:5)
  3 phantoms
  A kobold brigand (D:6)
  A scorpion (D:5)
  3 vampire bats (D:5)
  2 hounds
  2 jellies (D:4)
  An orc priest (D:6)
  2 iguanas (D:4)
  An orc wizard (D:6)
  8 adders
  A white imp (D:4)
  An ufetubus (D:5)
  2 worms (D:3)
  10 dart slugs
  4 orcs
  4 ball pythons
  3 bat skeletons (D:5)
  4 bat zombies (D:5)
  9 endoplasms
  A giant cockroach (D:3)
  6 goblins
  11 hobgoblins
  8 kobolds
  2 quokkas
  9 bats
  8 frilled lizards
  6 rats
122 creatures vanquished.

Vanquished Creatures (collateral kills)
  A goblin (D:3)
1 creature vanquished.

Grand Total: 123 creatures vanquished

Notes
Turn   | Place    | Note
-------+----------+-------------------------------------------
     0 | D:1      | Arcadio the Octopode Necromancer began the quest for the
                  | Orb.
     0 | D:1      | Reached XP level 1. HP: 11/11 MP: 3/3
   155 | D:1      | Reached XP level 2. HP: 14/17 MP: 0/5
   651 | D:1      | Reached XP level 3. HP: 21/21 MP: 6/6
  1122 | D:2      | Learned a level 3 spell: Vampiric Draining
  1277 | D:2      | Noticed Sigmund
  1303 | D:2      | Reached XP level 4. HP: 26/27 MP: 0/8
  1384 | D:2      | Found Apsaf's Weapon Shoppe.
  1468 | D:2      | Reached skill level 3 in Dodging
  2213 | D:3      | Noticed a moth of wrath
  2216 | D:3      | Found a bloodstained altar of Trog.
  2489 | D:3      | Learned a level 4 spell: Animate Dead
  3141 | D:4      | Reached XP level 5. HP: 30/31 MP: 9/9
  3143 | D:4      | Noticed a black bear
  3167 | D:4      | Found a shimmering blue altar of Sif Muna.
  3191 | D:4      | You fall into a shaft and drop 2 floors!
  3211 | D:6      | Found a glowing golden altar of the Shining One.
  3413 | D:5      | Entered Level 5 of the Dungeon
  3421 | D:5      | Noticed an ogre
  3427 | D:4      | Reached skill level 5 in Necromancy
  3476 | D:4      | HP: 1/31 [white imp/puff of frost (9)]
  3623 | D:4      | Reached XP level 6. HP: 30/36 MP: 4/11
  3745 | D:4      | Reached skill level 4 in Dodging
  3981 | D:4      | Found a runed translucent door.
  3982 | D:4      | Noticed Crazy Yiuf
  4017 | D:4      | Killed a black bear
  4385 | D:4      | Became a worshipper of Sif Muna the Loreminder
  4436 | D:5      | Reached XP level 7. HP: 41/41 MP: 8/13
  4601 | D:5      | Found a staircase to the Ecumenical Temple.
  4608 | D:5      | Learned a level 5 spell: Agony
  4633 | Temple   | Entered the Ecumenical Temple
  4660 | Temple   | Fell from the grace of Sif Muna
  4660 | Temple   | Became a worshipper of Lugonu the Unformed
  4853 | D:5      | Found a hazy altar of Hepliaklqana.
  4925 | D:4      | Reached skill level 5 in Dodging
  5156 | D:4      | Reached skill level 1 in Fighting
  5156 | D:4      | Reached skill level 1 in Invocations
  5379 | D:5      | Found a sacrificial altar of Ru.
  5626 | D:5      | Reached XP level 8. HP: 20/50 MP: 7/14
  5838 | D:5      | Found an ancient bone altar of Kikubaaqudgha.
  6036 | D:2      | Killed Sigmund
  6037 | D:2      | Reached skill level 6 in Dodging
  6111 | D:6      | Noticed a skeletal warrior
  6111 | D:6      | Noticed a skeletal warrior
  6111 | D:6      | Noticed a skeletal warrior
  6111 | D:6      | Noticed a skeletal warrior
  7175 | D:6      | Reached XP level 9. HP: 40/59 MP: 15/15
  7290 | D:6      | Reached skill level 5 in Invocations
  7424 | D:6      | Found an opulent altar of Gozag.
  7424 | D:6      | Noticed Menkaure
  7446 | D:7      | Found Aloe's Armour Shop.
  7572 | D:7      | Noticed Joseph
  7573 | D:7      | Noticed a gargoyle
  7590 | D:7      | Noticed Jeremiah
  7604 | D:6      | Found a radiant altar of Vehumet.
  7977 | D:7      | Reached skill level 7 in Dodging
  8017 | D:7      | Noticed Pikel
  8021 | D:7      | Mangled by Joseph

Illustrated notes

Levels and vault maps discovered:
D:1:      evilmike_arrival_rings, layout_loops_corners
D:2:      layout_basic, serial_shops, nicolae_shop_tiny_real_fake_doors,
          minmay_misc_feat_tower, uniq_sigmund
D:3:      layout_loops_ring, tgw_trog
D:4:      layout_loops_ring, lemuel_blue_sif_altar, uniq_crazy_yiuf_cottage
D:5:      kennysheep_slugbush, layout_rooms,
          nicolae_ru_great_annihilating_truth,
          worldfamousw_hep_ancestral_shrine, kennysheep_vampire_church,
          minmay_temple_entry_slanted, minmay_misc_feat_columns
D:6:      layout_loops_ring, lemuel_round_altar, mainiacjoe_overflow_alcove_4,
          nicolae_overflow_hidden_temple, roderic_lattice_a, uniq_menkaure
D:7:      layout_basic, gammafunk_ghost_necromancy, serial_shops, shop,
          uniq_joseph, uniq_pikel, uniq_jeremiah
Temple:   corrupted_temple

Skill      XL: |  1  2  3  4  5  6  7  8  9 |
---------------+----------------------------+-----
Dodging        | 3 4 5 6 7 |  7.0
Spellcasting   | 3 4 |  4.4
Necromancy     | 5 6 |  6.0
Fighting       | 2 4 |  4.7
Invocations    | 2 4 5 |  5.1
Stealth        | |  2.6

Action                     |  1- 3 |  4- 6 |  7- 9 || total
---------------------------+-------+-------+-------++-------
  Melee: Unarmed           |    22 |       |       ||    22
         Constrict         |    14 |    19 |    27 ||    60
         Tentacles         |     7 |    15 |    49 ||    71
         Dagger            |    23 |    72 |   188 ||   283
         Punch             |       |       |     2 ||     2
   Fire: Orcbow            |       |       |     1 ||     1
  Throw: Dart              |     1 |       |       ||     1
   Cast: Necrotise         |    25 |    27 |     6 ||    58
         Vampiric Draining |       |     8 |    18 ||    26
         Agony             |       |       |     3 ||     3
  Evoke: Wand              |       |     2 |     4 ||     6
    Use: Scroll            |       |     3 |     3 ||     6
         Potion            |       |     2 |     3 ||     5
   Stab: Sleeping          |     7 |    11 |    13 ||    31
         Paralysed         |       |     3 |     3 ||     6
         Distracted        |       |       |     1 ||     1
 Armour: Skin              |     5 |     2 |    18 ||    25
  Dodge: Dodged            |    32 |    42 |   150 ||   224

Table legend: (Time is in decaauts)
 A = Elapsed time spent in this place.
 B = Non-inter-level travel time spent in this place.
 C = Inter-level travel time spent in this place.
 D = Time resting spent in this place.
 E = Time spent auto-exploring this place.
 F = Levels seen in this place.
 G = Mean time per level.
                   A        B        C        D        E       F      G
               +--------+--------+--------+--------+--------+-----+--------+
         Total |   8003 |   7711 |    292 |   2065 |   3677 |   8 | 1000.4 |
       Dungeon |   7963 |   7671 |    292 |   2065 |   3677 |   7 | 1137.6 |
        Temple |     40 |     40 |      0 |      0 |      0 |   1 |   40.0 |
               +--------+--------+--------+--------+--------+-----+--------+

Top non-repeatable levels by time:
     D:6: 1785 daAuts
     D:4: 1402 daAuts
     D:5: 1383 daAuts
     D:3: 1334 daAuts
     D:1: 1103 daAuts
     D:2: 750 daAuts
     D:7: 202 daAuts
  Temple: 40 daAuts
